 Dungeon Crawl Stone Soup version 0.27-a0-1202-ge72e49191c (webtiles) character file.

Game seed: 10328969850102572692

105 Glokmah the Skirmisher (level 4, -3/40 HPs)
             Began as a Ghoul Fighter on June 4, 2021.
             Was a Priest of Lugonu.
             Killed from afar by an orc wizard (8 damage)
             ... with a puff of flame
             ... on level 3 of the Dungeon.
             The game lasted 00:04:28 (2400 turns).

Glokmah the Skirmisher (Ghoul Fighter)              Turns: 2400, Time: 00:04:29

Health: -3/40      AC:  7    Str: 19    XL:     4   Next: 83%
Magic:  4/4        EV:  9    Int:  3    God:    Lugonu [***...]
Gold:   71         SH:  0    Dex:  9    Spells: 3/3 levels left

rFire    . . .     SeeInvis .   a - +1 flail (vorpal)
rCold    + . .     Faith    .   (no shield)
rNeg     + + +     Spirit   .   e - +0 scale mail
rPois    ∞         Reflect  .   f - +0 helmet
rElec    .         Harm     .   (no cloak)
rCorr    .         Rampage  .   (no gloves)
Will     .....                  (no boots)
Stlth    ..........             (no amulet)
HPRegen  0.00/turn              (no ring)
MPRegen  0.09/turn              (no ring)

@: confused
A: claws 1, cold resistance 1, negative energy resistance 3, inhibited
regeneration, torment resistance 2
a: Renounce Religion, Depart the Abyss, Bend Space, Banish


You were on level 3 of the Dungeon.
You worshipped Lugonu.
Lugonu was most pleased with you.
You visited 1 branch of the dungeon, and saw 3 of its levels.

You collected 71 gold pieces.

Inventory:

Hand Weapons
 a - a +1 vorpal flail (weapon)
 b - a +0 arbalest
 t - a +0 war axe
Missiles
 h - 19 bolts
 k - 15 poisoned darts (quivered)
 r - 2 javelins
Armour
 c - a +0 kite shield
 e - a +0 scale mail (worn)
 f - a +0 helmet (worn)
Jewellery
 i - a ring of magical power
Scrolls
 j - a scroll of enchant weapon {unknown}
 m - 2 scrolls of teleportation {unknown}
 o - 3 scrolls of identify {unknown}
 p - 2 scrolls of amnesia {unknown}
 q - a scroll of enchant armour {unknown}
Potions
 d - a potion of might
 g - a potion of flight {unknown}
 l - a potion of magic {unknown}
 n - a potion of curing {unknown}
 s - a potion of mutation {unknown}


   Skills:
 + Level 4.0 Fighting
 - Level 2.1 Axes
 * Level 2.2 Crossbows
 - Level 2.6 Armour
 - Level 2.8 Shields
 * Level 2.1 Invocations


You had 3 spell levels left.
You didn't know any spells.
Your spell library was empty.

Dungeon Overview and Level Annotations

Branches:
Dungeon (3/15)

Altars:
Lugonu

Annotations:
D:3 Natasha


Innate Abilities, Weirdness & Mutations

You thrive by killing the living.
You are immune to poison.
You have sharp fingernails.
Your flesh is cold resistant. (rC+)
You are immune to negative energy. (rN+++)
You do not regenerate when monsters are visible.
You are immune to unholy pain and torment.


Message History

A puff of flame appears from out of thin air!
The puff of flame misses you. Natasha claws you but does no damage.
You're too confused to move!
Something hits you but does no damage. Natasha casts a spell at you.
The magic dart hits you.
Okay, then.
You feel less confused.
Things that are here:
a +0 club; a +0 club; an orc corpse Throw: 16 darts (poison)
Press: ? - help, Q - select action, (/) - cycle Shift-Dir - straight line, f - Natasha
Aim: Natasha (moderately wounded, 47% to hit)
You throw a poisoned dart.
The poisoned dart barely misses Natasha.
Something hits you.
You closely miss something.
You hear some strange, mumbled words.
A puff of flame appears from out of thin air!
The puff of flame hits you!
* * * LOW HITPOINT WARNING * * *
Something hits you but does no damage.
You miss something.
Natasha casts a spell.
Something hits you but does no damage.
You hit something. Something hits you but does no damage.
Unknown command.
You hear some strange, mumbled words.
You are confused.
You bump into the rock wall.
Something hits you but does no damage.
You bump into the rock wall.
You feel less confused.
You hear some strange, mumbled words.
Something tries to affect you, but you resist.
You hear some strange, mumbled words.
You are confused.
You hear some strange, mumbled words.
A puff of flame appears from out of thin air!
The puff of flame hits you!
You die... (###########.#.......##PP≈ .............#.......# ≈≈≈PP# ######.######.......# PPP≈PP

.######.## #.......# ≈.P≈P≈
.......<.#####.#.#.#####PP♣≈≈
######...........#......PP≈≈P
#.#.######.###.####.≈P≈≈
#.#.# #.{h## ##.###..P♣≈
#.#.# #@##.###........P♣
#.#.# #.###h#.#####..≈P≈
..... ..# ##.## ####P≈
###.##... #5# . #.##.## #)# ≈
#. #.# #####.≈ #. #
#.#####.....P #.
##.#......<.# #...<.......#


You could see Natasha.

Vanquished Creatures
  Terence (D:3)
  Robin (D:2)
  An adder (D:3)
  3 worms (D:2)
  3 orcs
  4 bats
  2 endoplasms (D:2)
  2 giant cockroaches
  5 hobgoblins (D:2)
  2 quokkas (D:2)
  7 ball pythons
  4 frilled lizards
  11 goblins
  3 kobolds (D:1)
49 creatures vanquished.

Notes
Turn   | Place    | Note
-------+----------+-------------------------------------------
     0 | D:1      | Glokmah the Ghoul Fighter began the quest for the Orb.
     0 | D:1      | Reached XP level 1. HP: 19/19 MP: 0/0
    55 | D:1      | Found a faded altar of an unknown god.
    70 | D:1      | Became a worshipper of Lugonu the Unformed
    70 | D:1      | Reached * piety under Lugonu
    70 | D:1      | Reached ** piety under Lugonu
   225 | D:1      | Reached XP level 2. HP: 24/26 MP: 1/1
  1034 | D:2      | Reached XP level 3. HP: 20/31 MP: 2/2
  1036 | D:2      | Reached skill level 1 in Crossbows
  1036 | D:2      | Reached skill level 1 in Invocations
  1431 | D:2      | Noticed Robin
  1460 | D:2      | Reached *** piety under Lugonu
  1466 | D:2      | Killed Robin
  1467 | D:2      | Reached XP level 4. HP: 11/40 MP: 2/4
  2153 | D:3      | Noticed Natasha
  2329 | D:3      | Noticed Terence
  2333 | D:3      | Killed Terence
  2334 | D:3      | Reached skill level 4 in Fighting
  2400 | D:3      | Killed from afar by an orc wizard

Illustrated notes

Levels and vault maps discovered:
D:1:      minmay_arrival_wavy_path, layout_rooms, shapermc_ecumenical_altar_gd,
          minmay_misc_feat_doors, lemuel_another_geyser
D:2:      layout_loops_ring, minmay_misc_feat_columns,
          kennysheep_generic_room_5, uniq_robin
D:3:      layout_loops_ring, grunt_temple_overflow_bloody_war,
          nicolae_overflow_hidden_temple, elyvilon_altar_4, lemuel_doored_altar,
          minmay_crystal_room, minmay_misc_feat_tiny, nrook_campfire,
          serial_bayou_lagoon_a, kennysheep_generic_room_4, uniq_purgy,
          uniq_terence, uniq_natasha

Skill      XL: |  1  2  3  4 |
---------------+-------------+-----
Axes           | 2 |  2.1
Crossbows      | 1 2 |  2.2
Invocations    | 1 2 |  2.1
Fighting       | 4 |  4.0
Armour         | |  2.6
Shields        | |  2.8

Action                   |  1- 3 |  4- 6 || total
-------------------------+-------+-------++-------
Melee: War axe           |    96 |    34 ||   130
       Flail             |       |    13 ||    13
 Fire: Arbalest          |     4 |     5 ||     9
Throw: Javelin           |     4 |       ||     4
       Dart              |       |     1 ||     1
Armor: Scale mail        |    39 |    46 ||    85
Dodge: Dodged            |    54 |    33 ||    87
Block: Kite shield       |    16 |       ||    16

Table legend: (Time is in decaauts)
 A = Elapsed time spent in this place.
 B = Non-inter-level travel time spent in this place.
 C = Inter-level travel time spent in this place.
 D = Time resting spent in this place.
 E = Time spent auto-exploring this place.
 F = Levels seen in this place.
 G = Mean time per level.
                   A        B        C        D        E       F      G
               +--------+--------+--------+--------+--------+-----+--------+
         Total |   2467 |   2359 |    108 |    532 |   1289 |   3 |  822.3 |
       Dungeon |   2467 |   2359 |    108 |    532 |   1289 |   3 |  822.3 |
               +--------+--------+--------+--------+--------+-----+--------+

Top non-repeatable levels by time:
     D:2: 1819 daAuts
     D:1: 529 daAuts
     D:3: 118 daAuts
